woodfighter, chaotic female elven Rogue ----- |...| ---------`########....| |.......|# |...| ##-.....<.|# -|--- ------------- # |..[....|# ## |`.........`| ### ---%-----% # |.....`.....| # # ### ### |. -----....##### # # |...| # ### |`..| #) ---|--------- |...| --.---- |...........| | - ---.u.| |.^...| |...........| |.....`..a@.| |.....| #-..).......>| |`.......a.`| |......####|.........(.| ------------- ------- |...........| ------------- woodfighter the Rogue Experience level: 6 Strength: 17 Dexterity: 19 Constitution: 14 Intelligence: 8 Wisdom: 13 Charisma: 6 Health: 0(43) Energy: 29(29) Def: 2 Gold: 0 Moves: 3329 Dungeon seed: tRob1KmMya7KbJ0U Game ID: woodfighter_1511357583 Your Inventory: Weapons a - a +0 elven short sword (weapon in hand) b - 6 +0 elven daggers (in quiver) Armor e - an uncursed burnt +1 leather armor (being worn) n - an uncursed +0 orcish helm q - an uncursed +0 orcish helm r - an uncursed +0 mummy wrapping z - an uncursed +0 mummy wrapping N - an uncursed +0 dwarvish cloak Comestibles j - 4 uncursed food rations O - an uncursed carrot Wands h - a wand of opening (0:3) Tools g - an uncursed blindfold y - an uncursed lock pick B - an uncursed oil lamp (0:1356) Spells and supernatural/magical abilities: Name Level Category Fail Memory W - pray for help -- divine ? -- Your skills at the end: Miscellaneous Skills wands [Basic] Weapon Skills dagger [Basic] short sword [Basic] Spellcasting Skills Final Attributes: You were piously aligned. You were sleep resistant. You had infravision. You were very stealthy. You are dead. Vanquished creatures: a giant beetle a dwarf mummy a dwarf lord a raven a gnome mummy a rock piercer a gnome lord 6 elf zombies 6 giant ants a puppy a floating eye a kitten 2 kobold lords 2 iguanas 6 hill orcs a dwarf zombie 3 killer bees a coyote a gas spore an acid blob 2 large kobolds 3 geckos 7 giant rats a cave spider a brown mold a green mold 2 red molds a gnome a gnome zombie 2 kobolds 6 newts 3 goblins 2 grid bugs 6 lichens 2 kobold zombies 79 creatures vanquished. Voluntary challenges: You did not adorn yourself with jewelry or accessories. You did not cause conflict. You were not invisible. You did not have reflection. You were not displaced. You had been an atheist until turn 3046. You used a wielded weapon 98 times, starting on turn 75. You did not apply a unicorn horn. You did not use plumbed fixtures. You did not drink any magical draughts. You were illiterate. You never genocided any monsters. You never polymorphed an object. You never changed form. You used no wishes. You never split a pudding. You never wrote Elbereth's name. You violated your moral code, losing 5 points of alignment, starting on turn 2779. Dungeon overview: The Dungeons of Doom: levels 1 to 8 Level 1 a long staircase Level 2 a fountain stairs to The Gnomish Mines Level 3 a hardware shop Level 4 Level 5 a general store, a fountain Level 6 a scroll shop, a fountain Level 7 <- You were here Level 8 The Gnomish Mines: Level 3 stairs to The Dungeons of Doom History has recorded: On T:1 you entered the Dungeons of Doom to retrieve the Amulet of Yendor! On T:121 you reached level 2 of The Dungeons of Doom. On T:533 you reached level 3 of The Dungeons of Doom. On T:700 you advanced to experience level 2. On T:723 you reached level 1 of The Gnomish Mines. On T:774 you advanced to experience level 3. On T:961 you reached level 4 of The Dungeons of Doom. On T:1275 you advanced to experience level 4. On T:1512 you reached level 5 of The Dungeons of Doom. On T:2005 you reached level 6 of The Dungeons of Doom. On T:2097 you advanced to experience level 5. On T:2542 you reached level 7 of The Dungeons of Doom. On T:2604 you advanced to experience level 6. On T:2966 you reached level 8 of The Dungeons of Doom. On T:3046 you prayed to Kos. Score breakdown: Gold: 0 ( 0 points) Experience: 6 levels ( 500 points) Exploration: 8 levels ( 210 points) Discoveries: 10 items ( 500 points) Variety of kills: 35 monsters ( 1750 points) Major goal: (nothing yet) ( 0 points) Survival: died (score multiplied by 3) Total score: 8880 Latest messages: You see here a statue of a plains centaur. The elven dagger hits the red mold. You throw 2 elven daggers. The 1st elven dagger hits the red mold. You kill the red mold! b - 2 +0 elven daggers (in quiver). The fire ant bites! (2x) You're on fire! S - a puce potion. You throw 2 elven daggers. The 1st elven dagger hits the fire ant. The 2nd elven dagger hits the fire ant! The fire ant bites! (2x) You're on fire! Your puce potion boils and explodes! You have a momentary vision. The fire ant bites! (2x) You're on fire! The pony misses the fire ant. The pony bites the fire ant. The fire ant misses the pony. (2x) The fire ant bites! (2x) You're on fire! You die... Final status: Goodbye woodfighter the Rogue, killed by a fire ant... You died in The Dungeons of Doom on dungeon level 7 with 8880 points, and 0 pieces of gold, after 3329 moves. You were level 6 with a maximum of 43 hit points when you died.